 Dungeon Crawl Stone Soup version 0.20-a0-1089-g3fde505 (webtiles) character file.

98 lauthentik the Sneak (level 4, -6/30 HPs)
             Began as a Vampire Enchanter on May 3, 2017.
             Mangled by grindst0ne's ghost (9 damage)
             ... on level 3 of the Dungeon.
             The game lasted 00:07:32 (2370 turns).

lauthentik the Sneak (Vampire Enchanter)            Turns: 2370, Time: 00:07:34

Health: -6/30      AC:  3    Str: 11    XL:     4   Next: 44%
Magic:  2/7        EV: 12    Int: 24    God:
Gold:   174        SH:  3    Dex: 14    Spells: 1/7 levels left

rFire    . . .     SeeInvis +   a - +1 dagger
rCold    + . .     Gourm    .   f - +0 buckler
rNeg     + + .     Faith    .   b - +0 robe
rPois    +         Spirit   .   (no helmet)
rElec    .         Reflect  .   o - +0 cloak
rCorr    .         Harm     .   (no gloves)
MR       .....                  (no boots)
Stlth    ++++......             (no amulet)
Regen    0.1/turn               k - +4 ring of strength
MPRegen  0.1/turn               u - +6 ring of intelligence

@: about to teleport, regenerating slowly
A: fangs 3, see invisible, unbreathing
a: Bat Form


You were on level 3 of the Dungeon.
You were thirsty.

You visited 1 branch of the dungeon, and saw 3 of its levels.

You collected 174 gold pieces.

Inventory:

Hand Weapons
 a - a +1 dagger (weapon)
Armour
 b - a +0 robe (worn)
 f - a +0 buckler (worn)
 o - a +0 cloak (worn)
Jewellery
 k - a +4 ring of strength (left hand)
 r - an uncursed ring of protection from fire
 u - a +6 ring of intelligence (right hand)
Scrolls
 e - 2 scrolls of enchant armour {unknown}
 i - a scroll of enchant weapon {unknown}
 l - a scroll of teleportation
 n - a scroll of magic mapping {unknown}
 q - a scroll of identify {unknown}
 s - a scroll of random uselessness {unknown}
 t - 4 scrolls of remove curse {unknown}
Potions
 d - 6 potions of blood
 g - a potion of resistance {unknown}
 h - 2 potions of curing {unknown}
 j - a potion of heal wounds {unknown}
 m - a potion of flight {unknown}
 p - 2 potions of haste {unknown}
Books
 c - a book of Maledictions

   Spells                             Type                      Level
   a - Corona                         Hexes                        1
   b - Ensorcelled Hibernation        Hexes/Ice                    2
   c - Confuse                        Hexes                        3
   d - Tukima's Dance                 Hexes                        3
   e - Dazzling Spray                 Conjuration/Hexes            3


   Skills:
 + Level 0.1 Fighting
 + Level 1.4 Short Blades
 + Level 2.4 Dodging
 + Level 6.0 Stealth
 + Level 2.3 Spellcasting
 + Level 5.5 Hexes
 + Level 1.1 Ice Magic


You had one spell level left.
You knew the following spells:

 Your Spells              Type           Power        Failure   Level  Hunger
a - Ensorcelled Hibernat  Hex/Ice        ###...       8%          2    ##.....
b - Corona                Hex            ####...      1%          1    None
c - Confuse               Hex            ####....     6%          3    ###....


Dungeon Overview and Level Annotations

Branches:
Dungeon (3/15)

Altars:
Dithmenos
Zin

Annotations:
D:3 grindst0ne's ghost, amateur DrBe


Innate Abilities, Weirdness & Mutations

You heal slowly.
You have razor-sharp teeth.
You have supernaturally acute eyesight. (SInv)
You can survive without breathing.


Message History

You barely miss the rat. Grindst0ne's ghost hits you. The rat bites you.
You closely miss the rat. Grindst0ne's ghost barely misses you.
The rat barely misses you.
You hit the rat.
You kill the rat!
The hobgoblin barely misses you.
The frilled lizard bites you but does no damage.
Grindst0ne's ghost barely misses you.
You closely miss the hobgoblin. Your bite misses the hobgoblin.
The frilled lizard bites you. You block the hobgoblin's attack. x2
Grindst0ne's ghost hits you!
* * * LOW HITPOINT WARNING * * *
Okay, then.
As you read the scroll labeled WUQITRE GERUYM, it crumbles to dust.
You feel strangely unstable.
It was a scroll of teleportation.
The frilled lizard closely misses you. The hobgoblin closely misses you.
The hobgoblin hits you with a club.
* * * LOW HITPOINT WARNING * * *
Grindst0ne's ghost hits you!
You die...

#.......# #.###.#.#####.
#.......###JK.W..(......
#...#.......###..K......
#......l##..# #.###...(.
#..."..÷##..###.# #.###. #
#<....W.##..[...###.# #.
##.####†#####..........# #.
#....K.#JWg##...##.##..# #.
#....r###l@##...##.##..####
#....#.#.#g##..........##..
####.##...K####.#####.###.#
#. ###..####.......#...# #.
#.....gW#######.#..
#.......######...###...#
######### #.......>.#
#...#####.. ###.#### #.#


You could see grindst0ne's ghost, an ooze, 2 hobgoblins, a kobold and a frilled
lizard.

Vanquished Creatures
  4 adders
  An ooze (D:2)
  2 worms (D:2)
  2 dart slugs
  3 ball pythons
  6 giant cockroaches
  A goblin (D:3)
  5 hobgoblins
  2 jackals (D:1)
  7 kobolds
  A quokka (D:2)
  5 bats
  3 frilled lizards
  4 rats
46 creatures vanquished.

Notes
Turn   | Place    | Note
-------+----------+-------------------------------------------
     0 | D:1      | lauthentik the Vampire Enchanter began the quest for the Orb.
     0 | D:1      | Reached XP level 1. HP: 13/13 MP: 3/3
   255 | D:1      | Reached XP level 2. HP: 10/19 MP: 3/5
   262 | D:1      | Learned a level 2 spell: Ensorcelled Hibernation
   363 | D:1      | Reached skill level 5 in Hexes
   992 | D:2      | Reached skill level 5 in Stealth
  1005 | D:2      | Reached XP level 3. HP: 17/24 MP: 0/6
  1852 | D:2      | Reached skill level 1 in Ice Magic
  1852 | D:2      | Reached XP level 4. HP: 20/30 MP: 7/7
  1856 | D:2      | Found a glowing silver altar of Zin.
  1981 | D:2      | Learned a level 3 spell: Confuse
  1992 | D:3      | Noticed grindst0ne's ghost (amateur DrBe)
  2328 | D:3      | Found a shadowy altar of Dithmenos.
  2357 | D:3      | Reached skill level 6 in Stealth
  2370 | D:3      | Mangled by grindst0ne's ghost

Vault maps used:
D:1:      ncdulo_watergridlock
D:2:      cheibrodos_helix_gallery, old_standard_altar, first_bread
D:3:      grunt_dithmenos_smoke_and_mirrors

Skill      XL: |  1  2  3  4 |
---------------+-------------+-----
Hexes          | 5 |  5.5
Stealth        | 5 6 |  6.0
Ice Magic      | 1 |  1.1
Fighting       | |  0.1
Short Blades   | |  1.4
Dodging        | |  2.4
Spellcasting   | |  2.3

Action                   |  1- 3 |  4- 6 || total
-------------------------+-------+-------++-------
Melee: Dagger            |    81 |    21 ||   102
       Bite              |     5 |       ||     5
 Cast: Corona            |     6 |       ||     6
       Ensorcelled Hiber |    26 |     9 ||    35
  Use: Potion            |     1 |       ||     1
       Scroll            |       |     1 ||     1
 Stab: Sleeping          |    23 |     8 ||    31
  Eat: Corpse            |       |     2 ||     2
Armor: Robe              |     9 |     5 ||    14
Dodge: Dodged            |    38 |    26 ||    64
Block: Buckler           |    15 |     7 ||    22
